AoeStats
← chenya_ko

Arabia

509297752Analyzed
1v1 RM · 7d ago on Sep 26, 2026· 59m 21s· 2 players
Game mode
Random Map
Map size
Tiny (2 player)
Population
200
Speed
Normal
Resources
Standard
Victory
Conquest
Starting age
Dark Age
Ending age
Imperial Age
RankedLock teamsTeams togetherTeam positionsShared explorationLock speedFull tech treeHidden civsTurbo modeCheats
Victory
Defeat
🇹🇼 Japanese · Taiwan
1062
+16
🇷🇴 Khmer · Romania
1056
-16
Bleeq11
8:59 Feudal Age
9:10 Loom
10:55 Double-Bit Axe
21:58 Castle Age
20:46 Fletching
21:24 Scale Barding Armor
22:05 Scale Mail Armor
22:25 Bloodlines
23:38 Forging
24:42 Bodkin Arrow
24:39 Horse Collar
26:35 Horse Collar
27:10 Bow Saw
27:40 Wheelbarrow
27:45 Husbandry
31:10 Town Watch
31:21 Horse Collar
35:52 Gold Mining
36:50 Iron Casting
37:13 Light Cavalry
41:36 Stone Mining
chenya_ko
2:02 Loom
9:56 Feudal Age
10:05 Man-at-Arms
10:32 Double-Bit Axe
17:19 Fletching
20:01 Wheelbarrow
24:16 Castle Age
22:21 Horse Collar
22:33 Gold Mining
23:14 Scale Mail Armor
23:07 Arson
23:38 Forging
24:49 Long Swordsman
25:15 Gambesons
25:30 Squires
26:33 Bow Saw
27:08 Iron Casting
27:37 Chain Mail Armor
27:40 Heavy Plow
28:14 Pikeman
30:22 Stone Mining
30:41 Town Watch
33:03 Hand Cart
35:50 Gold Shaft Mining
42:19 Imperial Age
42:03 Ballistics
41:54 Masonry
41:59 Padded Archer Armor
41:54 Bodkin Arrow
43:15 Leather Archer Armor
42:23 Elite Skirmisher
42:42 Two-Handed Swordsman
46:51 Two-Man Saw
45:29 Champion
49:03 Halberdier
50:50 Bracer
51:51 Blast Furnace
51:21 Plate Mail Armor
52:42 Chemistry
Connection lost

Rejoining the realm…

Still unreachable

The connection could not be restored.

Session expired

The server has moved on; the page needs a fresh start.